 Dungeon Sprint DCSS version 0.24-a0-250-g6074511 (webtiles) character file.

Game seed: 8457270009473152556

58 MikeHunt the Grappler (level 3, -1/31 HPs)
             Began as a Centaur Monk on Apr 14, 2019.
             Was a Believer of Nemelex Xobeh.
             Killed from afar by an oklob sapling priest (11 damage)
             ... with a splash of acid
             ... in the Dungeon (Sprint IV: "Fedhas' Mad Dash").
             The game lasted 00:01:12 (535 turns).

MikeHunt the Grappler (Centaur Monk)                 Turns: 535, Time: 00:01:13

Health: -1/31      AC:  0    Str: 13    XL:     3   Next: 76%
Magic:  3/3        EV: 10    Int:  9    God:    Nemelex Xobeh [**....]
Gold:   38         SH:  0    Dex: 12    Spells: 2/2 levels left

rFire    . . .     SeeInvis .     - Unarmed
rCold    . . .     Gourm    .   (no shield)
rNeg     . . .     Faith    .   a - +0 robe
rPois    .         Spirit   .   (no helmet)
rElec    .         Reflect  .   (no cloak)
rCorr    .         Harm     .   (no gloves)
MR       .....     NoTele   +   (no barding)
Stlth    +.........             i - amulet of invisibility {+Inv}
HPRegen  0.10/turn              (no ring)
MPRegen  0.08/turn              (no ring)

@: corroded, very slightly contaminated, invisible (expiring), very quick
A: large, hooves 3, deformed body, speed 2, tough skin 3
a: Draw Escape, Draw Destruction, Draw Summoning, Renounce Religion


You were in the Dungeon.
You worshipped Nemelex Xobeh.
Nemelex Xobeh was pleased with you.
You were not hungry.

You visited 1 branch You collected 38 gold pieces.

Inventory:

Missiles
 j - 19 stones (quivered)
Armour
 a - a +0 robe (worn)
Jewellery
 i - the amulet of invisibility (around neck) {+Inv}
   (You found it in the Dungeon)

   [amulet of nothing]

   It lets you turn invisible.
Scrolls
 g - a scroll of identify {unknown}
 h - a scroll of blinking
Potions
 c - a potion of curing
 d - a potion of heal wounds
 e - a potion of haste
 f - 2 potions of magic
Comestibles
 b - a ration


   Skills:
 - Level 3.0 Fighting
 - Level 2.1 Dodging
 - Level 1.1 Stealth
 + Level 8.1 Unarmed Combat
 + Level 0.0 Invocations


You had 2 spell levels left.
You didn't know any spells.
Your spell library was empty.

Dungeon Overview and Level Annotations

Branches:
Dungeon (1/1)

Altars:
Cheibriados
Dithmenos
Elyvilon
Gozag
Hepliaklqana
Kikubaaqudgha
Makhleb
Nemelex Xobeh
Okawaru
Qazlal
Ru
Sif Muna
Trog
Uskayaw
Vehumet
Wu Jian
Xom
Yredelemnul
Zin
The Shining One
Beogh
Jiyva
Lugonu

Annotations:
D exclusion: oklob sapling


Innate Abilities, Weirdness & Mutations

You have hooves in place of feet.
Armour fits poorly on your strangely shaped body.
You cover ground very quickly.
You have extremely tough skin. (AC +3)


Message History

You flicker for a moment.
You draw a card...
You have drawn Pain.
Press: ? - help, Shift-Dir - straight line, f - oklob sapling priest
Aim: an oklob sapling priest (lightly damaged)
The oklob sapling priest is unaffected.
You draw a card...
You have drawn Wild Magic.
The oklob sapling priest is encased in ice!
You feel a surge of magic.
You draw a card...
You have drawn Vitriol.
Press: ? - help, Shift-Dir - straight line, f/p - oklob sapling priest
Aim: an oklob sapling priest (heavily damaged, encased in ice)
The glob of acid hits the oklob sapling priest.
The oklob sapling priest completely resists.
The oklob sapling priest is heavily damaged.
The oklob sapling priest spits acid at you.
The splash of acid hits you!
You die...
Your body disappears without a glow.

#########################
.....#.....#.⌠._._._._.⌠.
.....'.#...'.._._._._._..
.....#.#...#..._@_P_._...
#########+##.._._._._._..
#._._._._._.⌠.
##############


You could see an oklob sapling priest.

Vanquished Creatures
  An oklob sapling (D)
  A worker ant (D)
  A river rat (D)
  A rat (D)
4 creatures vanquished.

Notes
Turn   | Place    | Note
-------+----------+-------------------------------------------
     0 | D        | MikeHunt the Centaur Monk began the quest for the Orb.
     0 | D        | Reached XP level 1. HP: 19/19 MP: 1/1
    15 | D        | Reached skill level 5 in Unarmed Combat
    15 | D        | Reached XP level 2. HP: 9/26 MP: 2/2
   229 | D        | Noticed an oklob sapling
   444 | D        | Killed an oklob sapling
   444 | D        | Reached skill level 7 in Unarmed Combat
   444 | D        | Reached XP level 3. HP: 31/31 MP: 3/3
   447 | D        | Found the amulet of invisibility {+Inv}
   450 | D        | Reached skill level 8 in Unarmed Combat
   513 | D        | Found an opulent altar of Gozag.
   513 | D        | Found a hazy altar of Hepliaklqana.
   513 | D        | Found a roughly hewn altar of Beogh.
   513 | D        | Found a snail-covered altar of Cheibriados.
   520 | D        | Found a viscous altar of Jiyva.
   520 | D        | Found a burning altar of Makhleb.
   520 | D        | Found a sparkling altar of Nemelex Xobeh.
   520 | D        | Found a sacrificial altar of Ru.
   520 | D        | Found a deep blue altar of Sif Muna.
   520 | D        | Found a bloodstained altar of Trog.
   520 | D        | Found an ornate altar of the Wu Jian Council.
   520 | D        | Found a shimmering altar of Xom.
   520 | D        | Found a basalt altar of Yredelemnul.
   520 | D        | Noticed an oklob sapling priest
   521 | D        | Found an iron altar of Okawaru.
   521 | D        | Found a glowing silver altar of Zin.
   521 | D        | Found a shadowy altar of Dithmenos.
   522 | D        | Found a hide-covered altar of Uskayaw.
   522 | D        | Found an ancient bone altar of Kikubaaqudgha.
   523 | D        | Found a stormy altar of Qazlal.
   523 | D        | Found a glowing golden altar of the Shining One.
   523 | D        | Found a white marble altar of Elyvilon.
   524 | D        | Found a radiant altar of Vehumet.
   524 | D        | Found a corrupted altar of Lugonu.
   527 | D        | Became a worshipper of Nemelex Xobeh the Trickster
   527 | D        | Received a gift from Nemelex Xobeh
   527 | D        | Reached * piety under Nemelex Xobeh
   527 | D        | Received a gift from Nemelex Xobeh
   527 | D        | Reached ** piety under Nemelex Xobeh
   535 | D        | Killed from afar by an oklob sapling priest

Levels and vault maps discovered:
D:        dungeon_sprint_fedhas [sprint_temple]

Skill      XL: |  1  2  3 |
---------------+----------+-----
Unarmed Combat | 5 7 8 |  8.1
Fighting       | |  3.0
Dodging        | |  2.1
Stealth        | |  1.1

Action                   || total
-------------------------++-------
Melee: Unarmed           ||    14
       Kick              ||     4
 Abil: Draw Destruction  ||     6
       Evoke Invisibilit ||     1
  Use: Potion            ||     1
Dodge: Dodged            ||     3

Table legend:
 A = Non-vault XP
 B = Vault XP
 C = Vault XP percentage of total XP
 D = Non-vault monster count
 E = Vault monster count
 F = Vault count percentage of total count
                 A         B        C        D         E       F
            +---------+---------+-------+---------+---------+-------
      Total |       0 |      84 | 100.0 |       0 |       4 | 100.0
            +---------+---------+-------+---------+---------+-------
          D |       0 |      84 | 100.0 |       0 |       4 | 100.0
            +---------+---------+-------+---------+---------+-------
